3L
SC STORM @ KINGSTON TOWNSHIP LEGION 9
09/02/2018
 
TOP OF THE 1ST
SC Storm batting - Pitching for Kingston Township Legion 9 : LHP Shigemasa Horiuchi
Pitching: LHP Shigemasa Horiuchi
Batting: LHB Juan Valdéz 0-0: Foul Ball, location: 2F
0-1: Ball
1-1: Ball
2-1: SINGLE (Line Drive, 9LS)
Batting: RHB Bobby Christopher 0-0: Called Strike
0-1: Ground out 2-3 (Groundball, 25)
Juan Valdéz to second
Batting: RHB Robbie Roach 0-0: Ball
1-0: Swinging Strike
1-1: SINGLE (Line Drive, 7LM)
Juan Valdéz to third
Batting: LHB Denny Young 0-0: Ball
Robbie Roach steals 2nd base
1-0: Called Strike
1-1: Fly out, F7 (Popup, 78S)
Batting: LHB Vern Forrest 0-0: Ball
1-0: Foul Ball, location: 2F
1-1: Fly out, F4 (Popup, 4D)
Top of the 1st over - 0 run(s), 2 hit(s), 0 error(s), 2 left on base; SC 0 - Kingston Township 0
BOTTOM OF THE 1ST
Kingston Township Legion 9 batting - Pitching for SC Storm : LHP Leon Robinson
Pitching: LHP Leon Robinson
Batting: RHB António Varela 0-0: Called Strike
0-1: Foul Ball, location: 2F
0-2: Ground out 6-3 (Groundball, 6)
Batting: RHB Juan López 0-0: Foul Ball, location: 2F
0-1: Ball
1-1: Ball
2-1: Foul Ball, location: 2F
2-2: Ball
3-2: Base on Balls
Batting: LHB Clay Rush 0-0: Ball
1-0: Ball
2-0: Foul Ball, location: 2F
2-1: Swinging Strike
2-2: Ball
3-2: Base on Balls
Juan López to second
Batting: RHB Akihiko Oike 0-0: Foul Ball, location: 2F
0-1: Swinging Strike
0-2: Foul Ball, location: 2F
0-2: Reached on error, E5 (Groundball, 5L)
Juan López to third
Clay Rush to second
Batting: LHB John Holbrook 0-0: Ball
1-0: Swinging Strike
1-1: Swinging Strike
1-2: Ball
2-2: Foul Ball, location: 2F
2-2: Grounds into double play, 1-2-3 (Groundball, 13)
Bottom of the 1st over - 0 run(s), 0 hit(s), 1 error(s), 2 left on base; SC 0 - Kingston Township 0
TOP OF THE 2ND
SC Storm batting - Pitching for Kingston Township Legion 9 : LHP Shigemasa Horiuchi
Batting: RHB Chris Lowe 0-0: Called Strike
0-1: Ball
1-1: Foul Ball, location: 2F
1-2: SINGLE (Line Drive, 6D)
Batting: SHB José Martínez 0-0: Called Strike
0-1: Ball
1-1: Called Strike
1-2: Foul Ball, location: 2F
1-2: Strikes out swinging
Batting: RHB Jason Nicholson 0-0: Ball
1-0: Foul Ball, location: 2F
1-1: Foul Ball, location: 2F
1-2: Strikes out swinging
Batting: RHB Leon Robinson 0-0: Called Strike
0-1: Swinging Strike
0-2: DOUBLE (Groundball, 5L)
Chris Lowe to third
Runner from 3rd tries for Home, SAFE, no throw or cutoff
Batting: LHB Juan Valdéz 0-0: Called Strike
0-1: Called Strike
0-2: Strikes out swinging
Top of the 2nd over - 1 run(s), 2 hit(s), 0 error(s), 1 left on base; SC 1 - Kingston Township 0
BOTTOM OF THE 2ND
Kingston Township Legion 9 batting - Pitching for SC Storm : LHP Leon Robinson
Batting: SHB Javier Ramos 0-0: Called Strike
0-1: Called Strike
0-2: Ball
1-2: SINGLE (Groundball, 13) (infield hit)
Batting: LHB Wayne Harrison 0-0: Ball
1-0: Grounds into double play, U6-3 (Groundball, 6M)
Batting: LHB Royce Smith 0-0: SINGLE (Line Drive, 34)
Batting: LHB Shigemasa Horiuchi 0-0: Ball
1-0: Ball
2-0: Called Strike
2-1: Ball
3-1: Base on Balls
Royce Smith to second
Batting: RHB António Varela 0-0: Ground out 6-3 (Groundball, 6)
Bottom of the 2nd over - 0 run(s), 2 hit(s), 0 error(s), 2 left on base; SC 1 - Kingston Township 0
TOP OF THE 3RD
SC Storm batting - Pitching for Kingston Township Legion 9 : LHP Shigemasa Horiuchi
Batting: RHB Bobby Christopher 0-0: Called Strike
0-1: Swinging Strike
0-2: Strikes out swinging
Batting: RHB Robbie Roach 0-0: Ball
1-0: Foul Ball, location: 2F
1-1: Ground out 1-3 (Groundball, 15)
Batting: LHB Denny Young 0-0: Swinging Strike
0-1: Ball
1-1: Ball
2-1: Called Strike
2-2: Foul Ball, location: 2F
2-2: Strikes out swinging
Top of the 3rd over - 0 run(s), 0 hit(s), 0 error(s), 0 left on base; SC 1 - Kingston Township 0
BOTTOM OF THE 3RD
Kingston Township Legion 9 batting - Pitching for SC Storm : LHP Leon Robinson
Batting: RHB Juan López 0-0: Ball
1-0: Called Strike
1-1: Fly out, F2 (Popup, 2RF)
Batting: LHB Clay Rush 0-0: Called Strike
0-1: Foul Ball, location: 2F
0-2: Ball
1-2: Foul Ball, location: 2F
1-2: Strikes out swinging
Batting: RHB Akihiko Oike 0-0: Called Strike
0-1: Foul Ball, location: 2F
0-2: Foul Ball, location: 2F
0-2: Ball
1-2: Strikes out swinging
Bottom of the 3rd over - 0 run(s), 0 hit(s), 0 error(s), 0 left on base; SC 1 - Kingston Township 0
TOP OF THE 4TH
SC Storm batting - Pitching for Kingston Township Legion 9 : LHP Shigemasa Horiuchi
Batting: LHB Vern Forrest 0-0: Called Strike
0-1: Ball
1-1: Ground out 4-3 (Groundball, 4M)
Batting: RHB Chris Lowe 0-0: SINGLE (Groundball, 34D)
Batting: SHB José Martínez 0-0: Ball
1-0: Ball
2-0: Called Strike
2-1: Fly out, F7 (Line Drive, 78S)
Batting: RHB Jason Nicholson 0-0: Ball
1-0: Called Strike
1-1: Called Strike
1-2: Strikes out swinging
Top of the 4th over - 0 run(s), 1 hit(s), 0 error(s), 1 left on base; SC 1 - Kingston Township 0
BOTTOM OF THE 4TH
Kingston Township Legion 9 batting - Pitching for SC Storm : LHP Leon Robinson
Batting: LHB John Holbrook 0-0: Ball
1-0: Ground out U3 (Groundball, 3)
Batting: SHB Javier Ramos 0-0: Called Strike
0-1: Called Strike
0-2: Foul Ball, location: 2F
0-2: Ball
1-2: Ground out 5-3 (Groundball, 56)
Batting: LHB Wayne Harrison 0-0: Called Strike
0-1: Fly out, F9 (Flyball, 8RM)
Bottom of the 4th over - 0 run(s), 0 hit(s), 0 error(s), 0 left on base; SC 1 - Kingston Township 0
TOP OF THE 5TH
SC Storm batting - Pitching for Kingston Township Legion 9 : LHP Shigemasa Horiuchi
Batting: RHB Leon Robinson 0-0: Ball
1-0: Swinging Strike
1-1: Fly out, F7 (Flyball, 78S)
Batting: LHB Juan Valdéz 0-0: Ground out 4-3 (Groundball, 4)
Batting: RHB Bobby Christopher 0-0: Foul Ball, location: 2F
0-1: Swinging Strike
0-2: Ball
1-2: Foul Ball, location: 2F
1-2: Foul Ball, location: 2F
1-2: Reached on error, E5 (Groundball, 56S)
Batting: RHB Robbie Roach 0-0: Intentional Walk
Batting: LHB Denny Young 0-0: Ball
1-0: SINGLE (Line Drive, 8LS)
Bobby Christopher to third
Robbie Roach to second
Batting: LHB Vern Forrest 0-0: Foul Ball, location: 2F
0-1: Ball
1-1: Ball
2-1: Fly out, F7 (Flyball, 78M)
Top of the 5th over - 0 run(s), 1 hit(s), 1 error(s), 3 left on base; SC 1 - Kingston Township 0
BOTTOM OF THE 5TH
Kingston Township Legion 9 batting - Pitching for SC Storm : LHP Leon Robinson
Batting: LHB Royce Smith 0-0: Fly out, F6 (Line Drive, 6M)
Batting: LHB Shigemasa Horiuchi 0-0: Foul Ball, location: 2F
0-1: Called Strike
0-2: Fly out, F8 (Flyball, 8LM)
Batting: RHB António Varela 0-0: Ball
1-0: Fly out, F9 (Flyball, 9LM)
Bottom of the 5th over - 0 run(s), 0 hit(s), 0 error(s), 0 left on base; SC 1 - Kingston Township 0
TOP OF THE 6TH
SC Storm batting - Pitching for Kingston Township Legion 9 : LHP Shigemasa Horiuchi
Batting: RHB Chris Lowe 0-0: Called Strike
0-1: Ball
1-1: Called Strike
1-2: Ground out 1-3 (Groundball, 13)
Batting: SHB José Martínez 0-0: Ball
1-0: Ball
2-0: Foul Ball, location: 2F
2-1: Called Strike
2-2: Strikes out looking
Batting: RHB Jason Nicholson 0-0: Ball
1-0: Foul Ball, location: 2F
1-1: Ball
2-1: Called Strike
2-2: Ball
3-2: Base on Balls
Batting: RHB Leon Robinson 0-0: Ball
1-0: Ball
2-0: Called Strike
2-1: Foul Ball, location: 2F
2-2: Strikes out swinging
Top of the 6th over - 0 run(s), 0 hit(s), 0 error(s), 1 left on base; SC 1 - Kingston Township 0
BOTTOM OF THE 6TH
Kingston Township Legion 9 batting - Pitching for SC Storm : LHP Leon Robinson
Batting: RHB Juan López 0-0: Foul Ball, location: 2F
0-1: Foul Ball, location: 2F
0-2: Strikes out swinging
Batting: LHB Clay Rush 0-0: Ball
1-0: Ball
2-0: Ball
3-0: Called Strike
3-1: Foul Ball, location: 2F
3-2: SINGLE (Line Drive, 6MD)
Batting: RHB Akihiko Oike 0-0: Ball
1-0: Ball
2-0: Called Strike
2-1: Ball
3-1: Base on Balls
Clay Rush to second
Batting: LHB John Holbrook 0-0: Ball
1-0: Swinging Strike
1-1: Ball
2-1: Grounds into double play, 6-4-3 (Groundball, 6)
Bottom of the 6th over - 0 run(s), 1 hit(s), 0 error(s), 1 left on base; SC 1 - Kingston Township 0
TOP OF THE 7TH
SC Storm batting - Pitching for Kingston Township Legion 9 : LHP Shigemasa Horiuchi
Batting: LHB Juan Valdéz 0-0: Ball
1-0: Foul Ball, location: 2F
1-1: Called Strike
1-2: Ground out 3-1 (Groundball, 34)
Batting: RHB Bobby Christopher 0-0: Ball
1-0: Ball
2-0: Ball
3-0: Base on Balls
Pitching: LHP Kamal Bataille
Batting: RHB Robbie Roach 0-0: Called Strike
0-1: Swinging Strike
0-2: SINGLE (Line Drive, 6MD)
Bobby Christopher to second
Batting: LHB Denny Young 0-0: Called Strike
0-1: Foul Ball, location: 2F
0-2: Ball
1-2: Ball
2-2: Foul Ball, location: 2F
2-2: Grounds into double play, 4-6-3 (Groundball, 4)
Top of the 7th over - 0 run(s), 1 hit(s), 0 error(s), 1 left on base; SC 1 - Kingston Township 0
BOTTOM OF THE 7TH
Kingston Township Legion 9 batting - Pitching for SC Storm : LHP Leon Robinson
Batting: SHB Javier Ramos 0-0: Ball
1-0: Ball
2-0: Ball
3-0: Base on Balls
Pinch Hitting: SHB Tim Eldridge 0-0: Swinging Strike
0-1: Sac Bunt - play at second, runner OUT! 1-6
Pinch Hitting: RHB Alejandro Robles 0-0: Called Strike
0-1: Ball
1-1: Ball
2-1: SINGLE (Groundball, 6MD)
Tim Eldridge to second
Runner from 2nd tries for 3rd, OUT!
Pinch Hitting: RHB Cecil Cole 0-0: Called Strike
0-1: Swinging Strike
0-2: Ball
1-2: Ball
2-2: Ball
3-2: SINGLE (Line Drive, 34)
Alejandro Robles to second
Alejandro Robles to third
Batting: RHB António Varela 0-0: Ball
1-0: Foul Ball, location: 2F
1-1: Fly out, F9 (Flyball, 9M)
Bottom of the 7th over - 0 run(s), 2 hit(s), 0 error(s), 2 left on base; SC 1 - Kingston Township 0
TOP OF THE 8TH
SC Storm batting - Pitching for Kingston Township Legion 9 : LHP Kamal Bataille
Pitching: RHP Greg White
Now at 2B: Alejandro Robles
Now in CF: Tim Eldridge
Batting: LHB Vern Forrest 0-0: Foul Ball, location: 2F
0-1: Ball
1-1: Fly out, F5 (Popup, 5F)
Batting: RHB Chris Lowe 0-0: Ball
1-0: Foul Ball, location: 2F
1-1: Called Strike
1-2: Ball
2-2: Strikes out swinging
Batting: SHB José Martínez 0-0: Foul Ball, location: 2F
0-1: Ground out 3-1 (Groundball, 34)
Top of the 8th over - 0 run(s), 0 hit(s), 0 error(s), 0 left on base; SC 1 - Kingston Township 0
BOTTOM OF THE 8TH
Kingston Township Legion 9 batting - Pitching for SC Storm : LHP Leon Robinson
Pitching: RHP Esteban García
Batting: RHB Juan López 0-0: Ball
1-0: Foul Ball, location: 2F
1-1: Swinging Strike
1-2: Ball
2-2: Ball
3-2: Strikes out swinging
Pitching: LHP Jeffrey Little
Batting: LHB Clay Rush 0-0: Fly out, F8 (Flyball, 8LM)
Pitching: RHP Esteban Costello
Batting: RHB Akihiko Oike 0-0: Ball
1-0: Foul Ball, location: 2F
1-1: Foul Ball, location: 2F
1-2: Ball
2-2: Foul Ball, location: 2F
2-2: Strikes out looking
Bottom of the 8th over - 0 run(s), 0 hit(s), 0 error(s), 0 left on base; SC 1 - Kingston Township 0
TOP OF THE 9TH
SC Storm batting - Pitching for Kingston Township Legion 9 : RHP Greg White
Batting: RHB Jason Nicholson 0-0: Called Strike
0-1: Ground out 5-3 (Groundball, 56S)
Pinch Hitting: LHB Andrés Ibarra 0-0: Called Strike
0-1: Foul Ball, location: 2F
0-2: Ball
1-2: Foul Ball, location: 2F
1-2: Foul Ball, location: 2F
1-2: Foul Ball, location: 2F
1-2: Ball
2-2: Strikes out swinging
Batting: LHB Juan Valdéz 0-0: Ball
1-0: Ground out 4-3 (Groundball, 4)
Top of the 9th over - 0 run(s), 0 hit(s), 0 error(s), 0 left on base; SC 1 - Kingston Township 0
BOTTOM OF THE 9TH
Kingston Township Legion 9 batting - Pitching for SC Storm : RHP Esteban Costello
Pitching: RHP Bill Schneider
Batting: LHB John Holbrook 0-0: Called Strike
0-1: Ball
1-1: DOUBLE (Line Drive, 7LS)
Batting: SHB Javier Ramos 0-0: Ball
1-0: Ball
2-0: Ground out 4-3 (Groundball, 4)
John Holbrook to third
Batting: SHB Tim Eldridge 0-0: Ball
1-0: Ball
2-0: Called Strike
2-1: Ball
3-1: Foul Ball, location: 2F
3-2: Foul Ball, location: 2F
3-2: Ground out 5-3 (Groundball, 5S)
Batting: RHB Alejandro Robles 0-0: Called Strike
0-1: SINGLE (Groundball, 6)
John Holbrook scores
Pinch Hitting: SHB Ricardo Rentería 0-0: Ball
1-0: Foul Ball, location: 2F
1-1: Swinging Strike
1-2: Ball
2-2: Foul Ball, location: 2F
2-2: Hit by Pitch
Alejandro Robles to second
Batting: RHB António Varela 0-0: Ball
1-0: Fielders Choice at 2nd, 5-4 (Groundball, 56)
Bottom of the 9th over - 1 run(s), 2 hit(s), 0 error(s), 1 left on base; SC 1 - Kingston Township 1
TOP OF THE 10TH
SC Storm batting - Pitching for Kingston Township Legion 9 : RHP Greg White
Pitching: RHP Manuel Batista
Batting: RHB Bobby Christopher 0-0: Foul Ball, location: 2F
0-1: Ground out U3 (Groundball, 3S)
Batting: RHB Robbie Roach 0-0: Fly out, F4 (Popup, 3L)
Batting: LHB Denny Young 0-0: Ball
1-0: Ball
2-0: Called Strike
2-1: Swinging Strike
Reached via error on a dropped throw, E3
Batting: LHB Vern Forrest 0-0: Foul Ball, location: 2F
0-1: Called Strike
0-2: Ball
1-2: Ground out 4-3 (Groundball, 34)
Top of the 10th over - 0 run(s), 0 hit(s), 1 error(s), 1 left on base; SC 1 - Kingston Township 1
BOTTOM OF THE 10TH
Kingston Township Legion 9 batting - Pitching for SC Storm : RHP Bill Schneider
Batting: RHB Juan López 0-0: Ball
1-0: Ground out 5-3 (Groundball, 5)
Batting: LHB Clay Rush 0-0: Called Strike
0-1: Ball
1-1: Ball
2-1: SINGLE (Groundball, 13) (infield hit)
Batting: RHB Akihiko Oike 0-0: Swinging Strike
0-1: Ball
1-1: 2-RUN HOME RUN (Flyball, 8LXD), Distance : 449 ft
This league is powered by Out of the Park Baseball, the baseball management simulation game for PC, Mac and Linux
Monday, May 4th, 2015 - OOTP Baseball 15.6 Build 34